 Dungeon Crawl Stone Soup version 0.31-a0-177-g4aa6249778 (webtiles) character file.

Game seed: 2292503521555182640

35099 qw the Cleaver (level 13, -8/84 HPs)
             Began as a Gargoyle Fighter on June 17, 2023.
             Was an Elder of Okawaru.
             Mangled by a death yak (10 damage)
             ... summoned by a boggart
             ... on level 5 of the Lair of Beasts.
             The game lasted 00:07:35 (12733 turns).

qw the Cleaver (Gargoyle Fighter)                  Turns: 12733, Time: 00:07:36

Health: -8/84      AC: 32    Str: 26    XL:     13   Next: 81%
Magic:  20/20      EV: 15    Int:  8    God:    Okawaru [****..]
Gold:   549        SH:  6    Dex:  9    Spells: 12/12 levels left

rFire   . . .        e - +3 morningstar (freeze)
rCold   + . .        c - +0 buckler
rNeg    + . .        b - +1 plate armour
rPois   inf          t - +0 helmet
rElec   +            (no cloak)
rCorr   .            j - +2 pair of gloves {Stlth+}
SInv    .            (no boots)
Will    .....        v - amulet of regeneration Stlth
                     a - +5 ring of evasion
HPRegen 1.14/turn    l - ring of protection from cold
MPRegen 0.17/turn

%: no passive effects
@: heroic
A: sickness immunity, AC +9, negative energy resistance 1, electricity
resistance, torment resistance 1, petrification resistance
a: Renounce Religion, Heroism, Finesse


You were on level 5 of the Lair of Beasts.
You worshipped Okawaru.
Okawaru was greatly pleased with you.
You visited 3 branches of the dungeon, and saw 14 of its levels.

You collected 824 gold pieces.
You spent 275 gold pieces at shops.


Innate Abilities, Weirdness & Mutations

You are immune to sickness and miasma.
Your stone body is resilient. (AC +9)
You are immune to poison.
You resist negative energy. (rN+)
You are resistant to electric shocks. (rElec)
You are resistant to unholy torment.
You are immune to petrification.


   Skills:
 - Level 11.0(16.0) Fighting
 + Level 14.8(19.8) Axes
 - Level 2.0(7.0) Throwing
 - Level 10.0(15.0) Armour
 - Level 2.3(7.3) Dodging
 - Level 7.0(12.0) Shields
 - Level 10.0 Invocations


You had 12 spell levels left.
You didn't know any spells.
Your spell library was empty.

Inventory:

Hand Weapons
 e - a +3 morningstar of freezing (weapon)
 Y - a +3 war axe
Missiles
 h - 5 boomerangs (quivered)
Armour
 b - a +1 plate armour (worn)
 c - a +0 buckler (worn)
 j - a +2 pair of gloves of stealth (worn)
 s - the +3 hat of the Sky {-Tele rPois Regen+ Dex+5}
   (Okawaru gifted it to you on level 3 of the Lair of Beasts)

   Dex:       It affects your dexterity (+5).
   rPois:     It protects you from poison.
   -Tele:     It prevents most forms of teleportation.
   Regen:     It increases your rate of health regeneration.
 t - a +0 helmet (worn)
 x - a +0 cloak of poison resistance
Jewellery
 a - a +5 ring of evasion (left hand)
 i - a ring of willpower
 k - a ring of ice
 l - a ring of protection from cold (right hand)
 m - a +6 ring of dexterity
 p - a ring of fire
 v - an amulet of regeneration (around neck)
Scrolls
 g - 3 scrolls of identify
Potions
 d - 5 potions of might
 f - 2 potions of mutation
 n - 3 potions of lignification
 o - a potion of cancellation
 q - a potion of magic
 r - 3 potions of curing
 u - a potion of resistance
 w - a potion of enlightenment

Dungeon Overview and Level Annotations

Branches:
Dungeon (8/15)             Temple (1/1) D:5            Lair (5/5) D:8
  Swamp (0/4) Lair:2        Snake (0/4) Lair:3        Slime (0/5) Lair:5

Altars:
Ashenzari
Cheibriados
Dithmenos
Elyvilon
Fedhas
Gozag
Hepliaklqana
Kikubaaqudgha
Makhleb
Nemelex Xobeh
Okawaru
Qazlal
Ru
Sif Muna
Trog
Uskayaw
Vehumet
Wu Jian
Xom
Yredelemnul
Zin
The Shining One
Jiyva

Shops:
D:5 :   D:6 =

Annotations:
D:1 1 runed translucent door
D:5 exclusion: adder
D:6 Duvessa
Lair:1 3 runed translucent doors, qw's ghost, journeyman GrHu


Message History

You freeze the cane toad.
The cane toad is moderately wounded.
You block the wolf's attack. The death yak gores you.
The death yak gores you but does no damage.
The cane toad stings you but does no damage.
The wolf barely misses you.
The seven-headed hydra bites you but does no damage. x3
The seven-headed hydra barely misses you. x2
You block the seven-headed hydra's attack.
The seven-headed hydra barely misses you.
You impale the cane toad!!
The cane toad seems to slow down.
You freeze the cane toad!
You kill the cane toad!
Okawaru accepts your kill.
The sentinel's mark upon you fades away.
A hornet comes into view.
The wolf bites you! The death yak gores you!
The death yak gores you but does no damage.
You puncture the death yak! You freeze the death yak.
The death yak is moderately wounded.
The wolf bites you but does no damage.
The seven-headed hydra bites you but does no damage. x2
The seven-headed hydra bites you. The seven-headed hydra misses you.
The seven-headed hydra bites you but does no damage. x2
The seven-headed hydra bites you.
A yak comes into view.
You bludgeon the death yak!! You freeze the death yak!
The death yak is heavily wounded.
The wolf closely misses you.
The death yak gores you but does no damage. x2
The seven-headed hydra bites you but does no damage. x2
The seven-headed hydra barely misses you.
The seven-headed hydra bites you but does no damage.
The seven-headed hydra completely misses you.
The seven-headed hydra bites you but does no damage.
The seven-headed hydra barely misses you.
You barely miss the death yak.
The death yak is heavily wounded.
The wolf bites you. The death yak gores you!
You die... 777777777 7..gYYDY77 7Y@h7777

777Y...777
77.Yy..7
7.Y...77##
7..7..Y.7.#
7..7777....##
7...7 777...#
.Y7..7 77..##
.7... 7.))#


You could see 4 death yaks, a seven-headed hydra (summoned), 4 yaks, a hornet, a
wolf and a boggart.

Vanquished Creatures
  2 hydras (Lair:5)
  A death yak (Lair:5)
  A salamander (Lair:3)
  7 black mambas
  3 elephants (Lair:3)
  10 cane toads
  A torpor snail (Lair:5)
  6 rime drakes
  7 komodo dragons
  4 tyrant leeches (Lair:2)
  2 polar bears (Lair:5)
  4 hornets (Lair:5)
  17 blink frogs
  17 dream sheep
  11 spriggans (Lair:5)
  Sigmund (D:3)
  5 basilisks
  A wyvern (Lair:3)
  36 yaks
  12 water moccasins
  An ice beast (D:5)
  7 black bears
  An orc warrior (D:8)
  4 sky beasts (D:7)
  26 wolves
  A centaur (D:7)
  4 boggarts (Lair:5)
  A kobold brigand (D:7)
  7 bullfrogs
  3 scorpions
  8 wights
  Dowan (D:6)
  3 killer bees (D:7)
  A howler monkey (D:6)
  2 lava snakes (Lair:3)
  3 hounds
  7 jellies
  8 iguanas
  Natasha (thrice) (D:3)
  3 orc wizards
  8 gnolls
  A river rat (D:3)
  6 adders
  An ufetubus (D:5)
  2 worms
  2 dart slugs (D:5)
  7 orcs
  13 endoplasms
  A giant cockroach (D:3)
  7 goblins
  6 hobgoblins
  3 jackals (D:1)
  3 quokkas
  13 ball pythons
  2 bats (D:1)
  2 frilled lizards (D:3)
  19 kobolds
  6 rats
344 creatures vanquished.

Notes
Turn   | Place    | Note
-------+----------+-------------------------------------------
     0 | D:1      | qw the Gargoyle Fighter began the quest for the Orb.
     0 | D:1      | Reached XP level 1. HP: 14/14 MP: 1/1
     0 | D:1      | 0 ||| qw: Version: 0.3-a-5-g6f28e65
     0 | D:1      | 0 ||| qw: Game counter: 495
     0 | D:1      | 0 ||| qw: Always use a shield: true
     0 | D:1      | 0 ||| qw: God list: Okawaru
     0 | D:1      | 0 ||| qw: Allow faded altars: false
     0 | D:1      | 0 ||| qw: Do Orc after D:15 true
     0 | D:1      | 0 ||| qw: Do second Lair branch before Depths: true
     0 | D:1      | 0 ||| qw: Lair rune preference: random
     0 | D:1      | 0 ||| qw: Plans: Normal, Zot:1-4, Slime:5, God:TSO, Crypt,
                  | Tomb, Abyss, Pan, Hells, Win
     0 | D:1      | 0 ||| PLANNING D:1-11
     1 | D:1      | Found a runed translucent door.
    27 | D:1      | Reached skill level 2 in Axes
   113 | D:1      | 113 ||| Stepping ~*~*~tactically~*~*~ (stealth).
   127 | D:1      | 127 ||| Stepping ~*~*~tactically~*~*~ (stealth).
   134 | D:1      | Reached XP level 2. HP: 19/19 MP: 2/2
   913 | D:1      | 913 ||| UPGRADING to +0 pair of gloves of stealth.
   918 | D:1      | 918 ||| READING 3 scrolls labelled YPNIMIG RAGIAN.
   919 | D:1      | 919 ||| READING 2 scrolls of enchant armour.
   919 | D:1      | 919 ||| ENCHANTING +0 pair of gloves of stealth.
   920 | D:1      | 920 ||| READING scroll of enchant armour.
   920 | D:1      | 920 ||| ENCHANTING +1 pair of gloves of stealth.
   921 | D:1      | 921 ||| READING scroll labelled ZYTAOL KENU.
   922 | D:1      | 922 ||| READING scroll labelled ARATHR QECAOVI.
   923 | D:1      | 923 ||| READING scroll labelled JOFFEDATHRA.
   944 | D:2      | Reached skill level 3 in Axes
   944 | D:2      | Reached XP level 3. HP: 23/23 MP: 3/3
   964 | D:2      | 964 ||| Stepping ~*~*~tactically~*~*~ (hiding).
  1199 | D:2      | Reached skill level 4 in Axes
  1199 | D:2      | Reached XP level 4. HP: 11/28 MP: 4/4
  1374 | D:2      | 1374 ||| Stepping ~*~*~tactically~*~*~ (hiding).
  1530 | D:2      | 1530 ||| Stepping ~*~*~tactically~*~*~ (stealth).
  2079 | D:2      | 2079 ||| DROPPING amulet of magic regeneration.
  2080 | D:2      | 2080 ||| UPGRADING to +5 ring of evasion.
  2081 | D:2      | 2081 ||| UPGRADING to ring of willpower.
  2082 | D:2      | 2082 ||| DROPPING ring of flight.
  2083 | D:2      | 2083 ||| READING scroll labelled HYUZUU TEWARGH.
  2087 | D:2      | 2087 ||| READING scroll labelled EBOCWA PUDADE.
  2126 | D:3      | 2126 ||| PLANNING SEWER
  2141 | D:3      | Reached XP level 5. HP: 32/32 MP: 5/5
  2243 | D:3      | Noticed Sigmund
  2244 | D:3      | 2244 ||| Stepping ~*~*~tactically~*~*~ (hiding).
  2244 | D:3      | Noticed Natasha
  2253 | D:3      | Killed Natasha
  2294 | D:3      | Killed Sigmund
  2295 | D:3      | Reached skill level 6 in Axes
  2295 | D:3      | Reached XP level 6. HP: 12/37 MP: 6/6
  2488 | D:3      | 2488 ||| Stepping ~*~*~tactically~*~*~ (hiding).
  2499 | D:3      | Noticed Natasha
  2506 | D:3      | Killed Natasha
  2621 | D:3      | 2621 ||| READING scroll of enchant weapon.
  2621 | D:3      | 2621 ||| ENCHANTING +1 war axe.
  2711 | D:3      | 2711 ||| RIP SEWER
  2720 | D:3      | Noticed Natasha
  2721 | D:3      | 2721 ||| PLANNING D:1-11
  2721 | D:3      | 2721 ||| Stepping ~*~*~tactically~*~*~ (hiding).
  2722 | D:3      | 2722 ||| Stepping ~*~*~tactically~*~*~ (hiding).
  2723 | D:3      | 2723 ||| Stepping ~*~*~tactically~*~*~ (hiding).
  2724 | D:3      | 2724 ||| Stepping ~*~*~tactically~*~*~ (hiding).
  2725 | D:3      | 2725 ||| Stepping ~*~*~tactically~*~*~ (hiding).
  2731 | D:3      | Killed Natasha
  2732 | D:3      | Reached skill level 1 in Dodging
  2967 | D:3      | 2967 ||| Stepping ~*~*~tactically~*~*~ (stealth).
  3023 | D:3      | Reached XP level 7. HP: 43/43 MP: 7/7
  3023 | D:3      | 3023 ||| DROPPING +2 pair of gloves.
  3082 | D:4      | 3082 ||| Stepping ~*~*~tactically~*~*~ (hiding).
  3085 | D:4      | 3085 ||| Stepping ~*~*~tactically~*~*~ (hiding).
  3086 | D:4      | 3086 ||| Stepping ~*~*~tactically~*~*~ (hiding).
  3087 | D:4      | 3087 ||| Stepping ~*~*~tactically~*~*~ (hiding).
  3152 | D:4      | 3152 ||| Stepping ~*~*~tactically~*~*~ (hiding).
  3476 | D:4      | 3476 ||| Stepping ~*~*~tactically~*~*~ (hiding).
  3478 | D:4      | 3478 ||| Stepping ~*~*~tactically~*~*~ (hiding).
  3630 | D:4      | 3630 ||| READING scroll labelled WOPEMEFONA.
  3631 | D:4      | 3631 ||| DRINKING 2 sapphire potions.
  3632 | D:4      | 3632 ||| READING 2 scrolls of identify.
  3632 | D:4      | 3632 ||| IDENTIFYING grey potion
  3646 | D:5      | Entered Level 5 of the Dungeon
  3699 | D:5      | Reached skill level 7 in Axes
  3853 | D:5      | Found Zellaes's Book Shoppe.
  3868 | D:5      | 3868 ||| DROPPING +3 leather armour.
  3951 | D:5      | Found a staircase to the Ecumenical Temple.
  3952 | D:5      | 3952 ||| PLANNING TEMPLE
  3952 | D:5      | 3952 ||| UPGRADING to +0 chain mail.
  3962 | D:5      | 3962 ||| DROPPING +0 scale mail.
  3963 | D:5      | 3963 ||| READING scroll labelled AFFID LOONN.
  3964 | D:5      | 3964 ||| DRINKING 2 brown potions.
  3965 | D:5      | 3965 ||| DROPPING potion of brilliance.
  3974 | Temple   | Entered the Ecumenical Temple
  4150 | Temple   | 4150 ||| PLANNING OKAWARU WORSHIP
  4419 | Temple   | Became a worshipper of Warmaster Okawaru
  4420 | Temple   | 4420 ||| PLANNING D:1-11
  4670 | D:5      | Reached XP level 8. HP: 49/49 MP: 8/8
  4893 | D:5      | 4893 ||| Stepping ~*~*~tactically~*~*~ (stealth).
  4924 | D:5      | 4924 ||| UPGRADING to +0 plate armour.
  4934 | D:5      | 4934 ||| DROPPING +0 chain mail.
  4935 | D:5      | 4935 ||| READING 2 scrolls of identify.
  4935 | D:5      | 4935 ||| IDENTIFYING fizzy grey potion
  4936 | D:5      | 4936 ||| DROPPING potion of degeneration.
  5003 | D:6      | 5003 ||| READING scroll of enchant armour.
  5003 | D:6      | 5003 ||| ENCHANTING +0 plate armour.
  5087 | D:6      | Found Xussit's Jewellery Emporium.
  5162 | D:6      | Noticed Dowan
  5162 | D:6      | Noticed Duvessa
  5163 | D:6      | 5163 ||| Stepping ~*~*~tactically~*~*~ (stealth).
  5165 | D:6      | 5165 ||| Stepping ~*~*~tactically~*~*~ (stealth).
  5169 | D:6      | Killed Dowan
  5173 | D:6      | Reached * piety under Okawaru
  5174 | D:6      | Reached skill level 8 in Axes
  5174 | D:6      | 5174 ||| INVOKING Heroism.
  5179 | D:6      | HP: 6/49 [Duvessa/+1 short sword of electrocution (13)]
  5180 | D:6      | 5180 ||| READING scroll of teleportation.
  5180 | D:6      | HP: 1/49 [Duvessa/+1 short sword of electrocution (6)]
  5181 | D:6      | 5181 ||| DRINKING potion of heal wounds.
  5228 | D:6      | 5228 ||| FLEEEEING.
  5229 | D:6      | 5229 ||| STAIRDANCE
  5317 | D:5      | 5317 ||| UPGRADING to ring of protection from cold.
  5364 | D:6      | 5364 ||| SHOPLISTING +4 ring of protection (396 gold, have
                  | 372).
  5364 | D:6      | 5364 ||| SHOPLISTING ring "Beotegy" {Will++ rCorr} (451
                  | gold, have 372).
  5364 | D:6      | 5364 ||| SHOPLISTING ring "Lypim Loo" {rF+ rN+ Dex+2} (444
                  | gold, have 372).
  5364 | D:6      | 5364 ||| BUYING ring of fire (275 gold).
  5364 | D:6      | Bought a ring of fire for 275 gold pieces
  5364 | D:6      | 5364 ||| SHOPLISTING ring of see invisible (165 gold, have
                  | 97).
  5520 | D:6      | 5520 ||| DROPPING +0 whip.
  5590 | D:6      | 5590 ||| UPGRADING to +0 helmet.
  5595 | D:6      | 5595 ||| READING scroll labelled SOB WA OVEUKIGG.
  5596 | D:6      | 5596 ||| DRINKING 2 bubbling black potions.
  5686 | D:7      | 5686 ||| Stepping ~*~*~tactically~*~*~ (hiding).
  5702 | D:7      | Reached skill level 1 in Invocations
  5728 | D:7      | Found a flagged portal.
  5970 | D:7      | Reached skill level 3 in Invocations
  6023 | D:7      | Reached skill level 6 in Fighting
  6023 | D:7      | Reached XP level 9. HP: 54/55 MP: 11/11
  6200 | D:7      | Reached ** piety under Okawaru
  6323 | D:7      | Reached skill level 9 in Axes
  6412 | D:7      | Found a shimmering blue altar of Sif Muna.
  6412 | D:7      | Found a broken altar of Ashenzari.
  6502 | D:7      | 6502 ||| DROPPING orb of mayhem.
  6503 | D:7      | 6503 ||| DRINKING 2 emerald potions.
  6607 | D:7      | 6607 ||| DROPPING potion of berserk rage.
  6669 | D:8      | Found a staircase to the Lair.
  6672 | D:8      | 6672 ||| Stepping ~*~*~tactically~*~*~ (hiding).
  6674 | D:8      | 6674 ||| Stepping ~*~*~tactically~*~*~ (hiding).
  6675 | D:8      | 6675 ||| Stepping ~*~*~tactically~*~*~ (hiding).
  6793 | D:8      | 6793 ||| DROPPING +0 flail.
  6888 | D:8      | 6888 ||| Stepping ~*~*~tactically~*~*~ (stealth).
  6891 | D:8      | 6891 ||| FLEEEEING.
  6893 | D:8      | 6893 ||| FLEEEEING.
  6894 | D:8      | 6894 ||| FLEEEEING.
  6895 | D:8      | 6895 ||| FLEEEEING.
  6896 | D:8      | 6896 ||| FLEEEEING.
  6897 | D:8      | 6897 ||| FLEEEEING.
  6898 | D:8      | 6898 ||| FLEEEEING.
  6899 | D:8      | 6899 ||| FLEEEEING.
  7043 | D:8      | 7043 ||| INVOKING Heroism.
  7050 | D:8      | Reached skill level 1 in Throwing
  7079 | D:8      | 7079 ||| INVOKING Heroism.
  7085 | D:8      | Reached skill level 6 in Armour
  7249 | D:8      | 7249 ||| INVOKING Heroism.
  7353 | D:8      | 7353 ||| Stepping ~*~*~tactically~*~*~ (hiding).
  7356 | D:8      | 7356 ||| Stepping ~*~*~tactically~*~*~ (hiding).
  7364 | D:8      | 7364 ||| Stepping ~*~*~tactically~*~*~ (hiding).
  7374 | D:8      | Reached XP level 10. HP: 63/63 MP: 13/13
  7375 | D:8      | 7375 ||| Stepping ~*~*~tactically~*~*~ (stealth).
  7378 | D:8      | 7378 ||| Stepping ~*~*~tactically~*~*~ (stealth).
  7385 | D:8      | 7385 ||| Stepping ~*~*~tactically~*~*~ (stealth).
  7387 | D:8      | 7387 ||| Stepping ~*~*~tactically~*~*~ (stealth).
  7389 | D:8      | 7389 ||| INVOKING Heroism.
  7462 | D:8      | 7462 ||| PLANNING LAIR
  7462 | D:8      | 7462 ||| READING scroll labelled MAILOSTR ZIAFE.
  7463 | D:8      | 7463 ||| READING 2 scrolls of identify.
  7463 | D:8      | 7463 ||| IDENTIFYING murky ruby potion
  7507 | Lair:1   | Entered Level 1 of the Lair of Beasts
  7540 | Lair:1   | Reached *** piety under Okawaru
  7541 | Lair:1   | Reached skill level 10 in Axes
  7593 | Lair:1   | 7593 ||| Stepping ~*~*~tactically~*~*~ (stealth).
  7614 | Lair:1   | 7614 ||| INVOKING Heroism.
  7671 | Lair:1   | Noticed a black mamba
  7672 | Lair:1   | 7672 ||| Stepping ~*~*~tactically~*~*~ (stealth).
  7704 | Lair:1   | 7704 ||| Stepping ~*~*~tactically~*~*~ (stealth).
  7709 | Lair:1   | 7709 ||| Stepping ~*~*~tactically~*~*~ (stealth).
  7712 | Lair:1   | 7712 ||| INVOKING Heroism.
  7728 | Lair:1   | Killed a black mamba
  7811 | Lair:1   | Noticed a cane toad
  7812 | Lair:1   | 7812 ||| INVOKING Heroism.
  7820 | Lair:1   | Killed a cane toad
  7820 | Lair:1   | Reached **** piety under Okawaru
  7954 | Lair:1   | 7954 ||| INVOKING Heroism.
  8030 | Lair:1   | Noticed a cane toad
  8031 | Lair:1   | 8031 ||| INVOKING Heroism.
  8040 | Lair:1   | Killed a cane toad
  8081 | Lair:1   | 8081 ||| Stepping ~*~*~tactically~*~*~ (hiding).
  8090 | Lair:1   | Reached skill level 6 in Invocations
  8090 | Lair:1   | Reached XP level 11. HP: 56/69 MP: 15/15
  8132 | Lair:1   | Found a frozen archway.
  8184 | Lair:1   | 8184 ||| INVOKING Heroism.
  8197 | Lair:1   | Reached skill level 11 in Axes
  8305 | Lair:1   | Noticed qw's ghost (journeyman GrHu)
  8309 | Lair:1   | Noticed a minotaur
  8318 | Lair:1   | Found a runed translucent gate.
  8318 | Lair:1   | Found a runed translucent gate.
  8318 | Lair:1   | Found a runed translucent gate.
  8628 | Lair:1   | 8628 ||| UPGRADING to amulet of regeneration.
  8633 | Lair:1   | 8633 ||| READING scroll labelled HIRUYP WANWA.
  8764 | Lair:2   | 8764 ||| INVOKING Heroism.
  8782 | Lair:2   | Reached skill level 9 in Fighting
  8856 | Lair:2   | 8856 ||| INVOKING Heroism.
  8869 | Lair:2   | 8869 ||| INVOKING Heroism.
  8900 | Lair:2   | 8900 ||| Stepping ~*~*~tactically~*~*~ (stealth).
  8902 | Lair:2   | 8902 ||| Stepping ~*~*~tactically~*~*~ (stealth).
  8903 | Lair:2   | 8903 ||| INVOKING Heroism.
  8959 | Lair:2   | Found a staircase to the Swamp.
  8977 | Lair:2   | 8977 ||| INVOKING Heroism.
  8979 | Lair:2   | HP: 12/71 [tyrant leech (13)]
  8980 | Lair:2   | 8980 ||| READING 3 scrolls of teleportation.
  8981 | Lair:2   | 8981 ||| DRINKING potion of heal wounds.
  8985 | Lair:2   | HP: 13/71 [tyrant leech (11)]
  8987 | Lair:2   | 8987 ||| READING 2 scrolls of teleportation.
  9145 | Lair:2   | 9145 ||| Stepping ~*~*~tactically~*~*~ (hiding).
  9168 | Lair:2   | 9168 ||| Stepping ~*~*~tactically~*~*~ (stealth).
  9169 | Lair:2   | 9169 ||| Stepping ~*~*~tactically~*~*~ (stealth).
  9266 | Lair:2   | 9266 ||| Stepping ~*~*~tactically~*~*~ (hiding).
  9444 | Lair:2   | 9444 ||| Stepping ~*~*~tactically~*~*~ (stealth).
  9450 | Lair:2   | 9450 ||| INVOKING Heroism.
  9468 | Lair:2   | HP: 9/71 [tyrant leech (13)]
  9469 | Lair:2   | 9469 ||| READING scroll of teleportation.
  9758 | Lair:2   | 9758 ||| DROPPING ring of positive energy.
  9759 | Lair:2   | 9759 ||| READING 3 scrolls of identify.
  9759 | Lair:2   | 9759 ||| IDENTIFYING amethyst potion
  9760 | Lair:2   | 9760 ||| READING 2 scrolls of identify.
  9760 | Lair:2   | 9760 ||| IDENTIFYING metallic amethyst potion
  9761 | Lair:2   | 9761 ||| DROPPING potion of ambrosia.
  9834 | Lair:3   | 9834 ||| Stepping ~*~*~tactically~*~*~ (stealth).
  9835 | Lair:3   | 9835 ||| INVOKING Heroism.
  9863 | Lair:3   | Reached ***** piety under Okawaru
  9864 | Lair:3   | Reached skill level 9 in Invocations
  9901 | Lair:3   | 9901 ||| INVOKING Heroism.
 10010 | Lair:3   | 10010 ||| Stepping ~*~*~tactically~*~*~ (stealth).
 10029 | Lair:3   | Identified the +3 hat of the Sky {-Tele rPois Regen+ Dex+5}
                  | (Okawaru gifted it to you on level 3 of the Lair of Beasts)
 10029 | Lair:3   | Received a gift from Okawaru
 10049 | Lair:3   | Reached XP level 12. HP: 63/76 MP: 19/19
 10074 | Lair:3   | 10074 ||| Stepping ~*~*~tactically~*~*~ (hiding).
 10086 | Lair:3   | 10086 ||| Stepping ~*~*~tactically~*~*~ (stealth).
 10088 | Lair:3   | 10088 ||| INVOKING Heroism.
 10094 | Lair:3   | 10094 ||| Stepping ~*~*~tactically~*~*~ (stealth).
 10129 | Lair:3   | Reached skill level 12 in Axes
 10277 | Lair:3   | Reached skill level 6 in Shields
 10686 | Lair:3   | Found a staircase to the Snake Pit.
 10699 | Lair:3   | 10699 ||| FLEEEEING.
 10700 | Lair:3   | 10700 ||| FLEEEEING.
 10701 | Lair:3   | 10701 ||| FLEEEEING.
 10702 | Lair:3   | 10702 ||| FLEEEEING.
 10723 | Lair:3   | 10723 ||| FLEEEEING.
 10724 | Lair:3   | 10724 ||| FLEEEEING.
 10787 | Lair:3   | 10787 ||| DRINKING 2 sedimented silvery potions.
 10788 | Lair:3   | 10788 ||| READING 3 scrolls of identify.
 10788 | Lair:3   | 10788 ||| IDENTIFYING fuming purple potion
 10808 | Lair:4   | 10808 ||| INVOKING Heroism.
 11030 | Lair:4   | 11030 ||| Stepping ~*~*~tactically~*~*~ (stealth).
 11033 | Lair:4   | 11033 ||| Stepping ~*~*~tactically~*~*~ (stealth).
 11048 | Lair:4   | Reached skill level 9 in Armour
 11329 | Lair:4   | Received a gift from Okawaru
 11665 | Lair:4   | 11665 ||| READING scroll labelled TENEOR ZIGYNIME.
 11666 | Lair:4   | 11666 ||| READING 3 scrolls of identify.
 11666 | Lair:4   | 11666 ||| IDENTIFYING fuming coppery potion
 11722 | Lair:5   | Entered Level 5 of the Lair of Beasts
 11791 | Lair:5   | Noticed a four-headed hydra
 11792 | Lair:5   | 11792 ||| INVOKING Heroism.
 11793 | Lair:5   | 11793 ||| INVOKING Finesse.
 11799 | Lair:5   | Noticed a death yak
 11800 | Lair:5   | 11800 ||| SWAPPING to +3 morningstar of freezing.
 11807 | Lair:5   | Killed a four-headed hydra
 11808 | Lair:5   | Reached skill level 13 in Axes
 11808 | Lair:5   | 11808 ||| SWAPPING to +2 war axe.
 11822 | Lair:5   | Reached XP level 13. HP: 42/82 MP: 14/20
 11908 | Lair:5   | Reached skill level 14 in Axes
 11979 | Lair:5   | Found a viscous altar of Jiyva.
 11981 | Lair:5   | 11981 ||| Stepping ~*~*~tactically~*~*~ (stealth).
 11990 | Lair:5   | Found a staircase to the Slime Pits.
 12060 | Lair:5   | 12060 ||| INVOKING Heroism.
 12069 | Lair:5   | 12069 ||| INVOKING Finesse.
 12079 | Lair:5   | 12079 ||| SWAPPING to +3 morningstar of freezing.
 12085 | Lair:5   | 12085 ||| SWAPPING to +2 war axe.
 12090 | Lair:5   | 12090 ||| INVOKING Heroism.
 12225 | Lair:5   | 12225 ||| Stepping ~*~*~tactically~*~*~ (stealth).
 12286 | Lair:5   | 12286 ||| Stepping ~*~*~tactically~*~*~ (hiding).
 12290 | Lair:5   | 12290 ||| INVOKING Heroism.
 12291 | Lair:5   | 12291 ||| INVOKING Finesse.
 12385 | Lair:5   | 12385 ||| Stepping ~*~*~tactically~*~*~ (stealth).
 12412 | Lair:5   | Received a gift from Okawaru
 12414 | Lair:5   | 12414 ||| INVOKING Heroism.
 12424 | Lair:5   | 12424 ||| Stepping ~*~*~tactically~*~*~ (stealth).
 12474 | Lair:5   | 12474 ||| INVOKING Heroism.
 12513 | Lair:5   | HP: 20/84 [spriggan rider/+0 spear (12)]
 12514 | Lair:5   | 12514 ||| DRINKING potion of heal wounds.
 12523 | Lair:5   | 12523 ||| INVOKING Finesse.
 12581 | Lair:5   | 12581 ||| READING scroll of enchant weapon.
 12581 | Lair:5   | 12581 ||| ENCHANTING +2 war axe.
 12645 | Lair:5   | 12645 ||| INVOKING Heroism.
 12646 | Lair:5   | 12646 ||| Stepping ~*~*~tactically~*~*~ (stealth).
 12689 | Lair:5   | 12689 ||| Stepping ~*~*~tactically~*~*~ (stealth).
 12700 | Lair:5   | 12700 ||| INVOKING Heroism.
 12714 | Lair:5   | 12714 ||| SWAPPING to +3 morningstar of freezing.
 12730 | Lair:5   | HP: 15/84 [death yak[a boggart] (9)]
 12731 | Lair:5   | HP: 4/84 [seven-headed hydra[a boggart] (6)]
 12733 | Lair:5   | Mangled by a death yak

Levels and vault maps discovered:
D:1:      dpeg_arrival_caged_fury, layout_basic, minmay_misc_feat_alley
D:2:      cheibrodos_fertilizer, layout_loops_corners
D:3:      layout_basic, portal_sewer_entry_e, chequers_jeans,
          minmay_fountain_box, uniq_natasha, uniq_sigmund
D:4:      layout_rooms
D:5:      layout_gridville, minmay_temple_entry_large_hall, serial_shops,
          shop_statue, grunt_ministairs_15, st_stairs_14
D:6:      layout_gridville, serial_shops, nicolae_shop_window_shopping,
          st_stairs_2, uniq_duvessa
D:7:      layout_loops_ring, gammafunk_temple_overflow_statue, enter_bailey_2,
          kennysheep_potato
D:8:      layout_basic, lair_entry_dummy
Temple:   mainiacjoe_temple_big_plus
Lair:1:   layout_loops_ring, portal_ice_cave_rime,
          maelrawn_ghost_gauntlet_escape, grunt_megastairs_4
Lair:2:   layout_regular_city, minmay_swamp_entry_worms, grunt_megastairs_3,
          infiniplex_staircase_pool
Lair:3:   layout_regular_city, nicolae_snake_entry_warm_welcome
Lair:4:   layout_roguey
Lair:5:   minmay_lair_end_enchanted_forest, layout_hall_layers,
          nicolae_slime_entry_slimehenge, lemuel_fruit_fields

Skill      XL: |  1  2  3  4  5  6  7  8  9 10 11 12 13 |
---------------+----------------------------------------+-----
Axes           | 2 3 4 6 7 8 9 10 11 13 14 | 14.8
Fighting       | 4 5 6 7 8 9 10 11 | 11.0
Dodging        | 1 2 |  2.3
Armour         | 5 6 7 8 9 10 | 10.0
Invocations    | 3 4 6 9 10 | 10.0
Shields        | 4 5 6 7 |  7.0
Throwing       | 1 2 |  2.0

Action                     |  1- 3 |  4- 6 |  7- 9 | 10-12 | 13-15 || total
---------------------------+-------+-------+-------+-------+-------++-------
  Melee: War axe           |    74 |   130 |   290 |   594 |   359 ||  1447
         Morningstar       |       |       |       |     7 |    23 ||    30
  Throw: Boomerang         |       |       |    14 |    79 |    10 ||   103
         Javelin           |       |       |       |     1 |     2 ||     3
 Invoke: Heroism           |       |       |     4 |    18 |     7 ||    29
         Finesse           |       |       |       |     1 |     3 ||     4
    Use: Scroll            |     6 |     3 |     7 |    11 |     1 ||    28
         Potion            |       |       |     5 |     2 |     1 ||     8
 Armour: Scale mail        |    39 |    69 |    22 |       |       ||   130
         Chain mail        |       |       |    11 |       |       ||    11
         Plate armour      |       |       |    95 |   238 |   220 ||   553
  Dodge: Dodged            |    32 |    97 |   172 |   245 |   202 ||   748
  Block: Buckler           |    20 |    28 |    58 |   100 |    88 ||   294

Table legend:
 A = Non-vault XP
 B = Vault XP
 C = Vault XP percentage of total XP
 D = Non-vault monster count
 E = Vault monster count
 F = Vault count percentage of total count
                 A         B        C        D         E       F
            +---------+---------+-------+---------+---------+-------
      Total |   37834 |   12308 |  24.5 |     243 |     101 |  29.4
            +---------+---------+-------+---------+---------+-------
        D:1 |      29 |       0 |   0.0 |      19 |       0 |   0.0
        D:2 |      24 |     110 |  82.1 |      13 |      16 |  55.2
        D:3 |     156 |     299 |  65.7 |      19 |      10 |  34.5
        D:4 |      53 |       0 |   0.0 |      10 |       0 |   0.0
        D:5 |     637 |      50 |   7.3 |      16 |       2 |  11.1
        D:6 |     294 |     109 |  27.0 |       5 |       2 |  28.6
        D:7 |    1281 |     129 |   9.1 |      19 |       1 |   5.0
        D:8 |    1612 |       0 |   0.0 |      20 |       0 |   0.0
     Lair:1 |    4127 |     907 |  18.0 |      15 |       4 |  21.1
     Lair:2 |    3401 |    1986 |  36.9 |      15 |      10 |  40.0
     Lair:3 |    8602 |     585 |   6.4 |      29 |       3 |   9.4
     Lair:4 |    5401 |       0 |   0.0 |      21 |       0 |   0.0
     Lair:5 |   12217 |    8133 |  40.0 |      42 |      53 |  55.8
            +---------+---------+-------+---------+---------+-------
